APP
BLUEFIELD BLUE JAYS @ PRINCETON RAYS
08/20/2044
 
TOP OF THE 1ST
Bluefield Blue Jays batting - Pitching for Princeton Rays : LHP Ryan Folks
Pitching: LHP Ryan Folks
Batting: RHB Tokuji Kawabata 0-0: Fly out, F7 (Line Drive, 7, EV 93.1 MPH)
Batting: RHB Wade Diamond 0-0: Ball
1-0: Ball
2-0: Called Strike
2-1: Ground out 3-1 (Groundball, 34, EV 86.3 MPH)
Batting: LHB Cesar Arteaga 0-0: Called Strike
0-1: Foul Ball, location: 2F
0-2: Ball
1-2: Ground out 2-3 (Groundball, 13S, EV 65.0 MPH)
Top of the 1st over - 0 runs, 0 hits, 0 errors, 0 left on base; Bluefield 0 - Princeton 0
BOTTOM OF THE 1ST
Princeton Rays batting - Pitching for Bluefield Blue Jays : LHP Eddie Muniz
Pitching: LHP Eddie Muniz
Batting: SHB Chris Lockart 0-0: Called Strike
0-1: Ball
1-1: Ball
2-1: SINGLE (Groundball, 4MD, EV 100.0 MPH)
Batting: RHB Dan Marks 0-0: Called Strike
0-1: Swinging Strike
0-2: SINGLE (Groundball, 56S, EV 72.5 MPH) (infield hit)
Chris Lockart to second
Batting: LHB Rocky Crowley 0-0: Ball
1-0: Foul Ball, location: 2F
1-1: Ball
2-1: DOUBLE (Line Drive, 5D, EV 108.8 MPH)
Chris Lockart scores
Dan Marks to third
Batting: RHB Wil Urban 0-0: Ball
1-0: Ball
2-0: Called Strike
2-1: 3-RUN HOME RUN (Flyball, 7LD, EV 91.3 MPH), Distance : 355 ft
Batting: SHB Wayne Hattan 0-0: Ball
1-0: Called Strike
1-1: Ball
2-1: Foul Ball, location: 2F
2-2: Ball
3-2: Foul Ball, location: 2F
3-2: Foul Ball, location: 2F
3-2: SINGLE (Groundball, 6MD, EV 97.5 MPH)
Batting: RHB James Huddleston 0-0: Ball
1-0: Ball
2-0: Fly out, F9 (Flyball, 9LM, EV 73.8 MPH)
Batting: RHB Chris Thorson 0-0: Called Strike
0-1: DOUBLE (Flyball, 8LXD, EV 99.4 MPH)
Wayne Hattan to third
Runner from 3rd tries for Home, SAFE, throw by CF to home
Batting: SHB Lou Kroneman 0-0: Foul Ball, location: 2F
0-1: SINGLE (Line Drive, 3D, EV 103.8 MPH)
Chris Thorson to third
Batting: RHB Kunizo Yanagisawa 0-0: Fielders Choice at 2nd, 5-4 (Groundball, 56S, EV 88.1 MPH)
Chris Thorson scores
Batting: SHB Chris Lockart 0-0: Called Strike
0-1: Fielders Choice at 2nd, 6-4 (Groundball, 6, EV 83.1 MPH)
Bottom of the 1st over - 6 runs, 7 hits, 0 errors, 1 left on base; Bluefield 0 - Princeton 6
TOP OF THE 2ND
Bluefield Blue Jays batting - Pitching for Princeton Rays : LHP Ryan Folks
Batting: SHB Jack Andrews 0-0: Fly out, F7 (Line Drive, 7, EV 86.9 MPH)
Batting: RHB Mike Johnson 0-0: Ground out 3-1 (Groundball, 34S, EV 82.5 MPH)
Batting: RHB Chris Martin 0-0: Ball
1-0: Ball
2-0: Called Strike
2-1: Ball
3-1: Base on Balls
Batting: LHB Frank Nelson 0-0: Called Strike
0-1: SINGLE (Line Drive, 8RS, EV 100.0 MPH)
Chris Martin to second
Batting: RHB John Hering 0-0: Ball
1-0: Foul Ball, location: 2F
1-1: Ball
2-1: Ball
3-1: Called Strike
3-2: Base on Balls
Chris Martin to third
Frank Nelson to second
Batting: RHB Ed Swafford 0-0: Swinging Strike
0-1: Called Strike
0-2: Ball
1-2: Strikes out looking
Top of the 2nd over - 0 runs, 1 hit, 0 errors, 3 left on base; Bluefield 0 - Princeton 6
BOTTOM OF THE 2ND
Princeton Rays batting - Pitching for Bluefield Blue Jays : LHP Eddie Muniz
Batting: RHB Dan Marks 0-0: Ball
1-0: Ball
2-0: Ball
3-0: Base on Balls
Pitching: RHP Scott Olson
Batting: LHB Rocky Crowley 0-0: Ball
1-0: DOUBLE (Line Drive, 8RXD, EV 103.1 MPH)
Dan Marks to third
Batting: RHB Wil Urban 0-0: Foul Ball, location: 2F
0-1: Ball
1-1: Called Strike
1-2: Foul Ball, location: 2F
1-2: Ball
2-2: Ball
3-2: Foul Ball, location: 2F
3-2: 3-RUN HOME RUN (Flyball, 78XD, EV 98.8 MPH), Distance : 405 ft
Batting: SHB Wayne Hattan 0-0: Ball
1-0: Ball
2-0: Called Strike
2-1: Ball
3-1: Base on Balls
Batting: RHB James Huddleston 0-0: Ball
1-0: Called Strike
1-1: Foul Ball, location: 2F
1-2: Foul Ball, location: 2F
1-2: Ball
2-2: DOUBLE (Line Drive, 89D, EV 108.8 MPH)
Wayne Hattan to third
Runner from 3rd tries for Home, SAFE, throw by RF to trailing runner, SAFE at third!
Batting: RHB Chris Thorson 0-0: Called Strike
0-1: Fly out, F6 (Line Drive, 6, EV 74.4 MPH)
Batting: SHB Lou Kroneman 0-0: Ball
1-0: Foul Ball, location: 2F
1-1: SINGLE (Groundball, 4MD, EV 110.6 MPH)
James Huddleston scores
Pitching: RHP Bobby Leija
Batting: RHB Kunizo Yanagisawa 0-0: Ball
1-0: Called Strike
1-1: Fly out, F9 (Line Drive, 9, EV 90.0 MPH)
Batting: SHB Chris Lockart 0-0: Ball
1-0: Called Strike
1-1: Fly out, F9 (Line Drive, 9, EV 103.1 MPH)
Bottom of the 2nd over - 5 runs, 4 hits, 0 errors, 1 left on base; Bluefield 0 - Princeton 11
TOP OF THE 3RD
Bluefield Blue Jays batting - Pitching for Princeton Rays : LHP Ryan Folks
Batting: RHB Tokuji Kawabata 0-0: Ball
1-0: SINGLE (Line Drive, 89S, EV 87.5 MPH)
Batting: RHB Wade Diamond 0-0: SINGLE (Groundball, 56D, EV 98.8 MPH)
Tokuji Kawabata to second
Batting: LHB Cesar Arteaga 0-0: Ball
1-0: Ball
2-0: Called Strike
2-1: Ball
3-1: Fielders Choice at 2nd, 6-4 (Groundball, 6, EV 104.4 MPH)
Tokuji Kawabata to third
Batting: SHB Jack Andrews 0-0: Ball
Cesar Arteaga steals 2nd base
1-0: DOUBLE (Line Drive, 9LD, EV 108.1 MPH)
Tokuji Kawabata scores
Cesar Arteaga scores
Batting: RHB Mike Johnson 0-0: SINGLE (Groundball, P, EV 87.5 MPH) (infield hit)
Jack Andrews to third
Batting: RHB Chris Martin 0-0: Called Strike
0-1: Swinging Strike
0-2: Foul Ball, location: 2F
0-2: Ball
1-2: Strikes out looking
Batting: LHB Frank Nelson 0-0: Ball
Passed Ball!
Jack Andrews scores
Mike Johnson to second
1-0: Ball
2-0: SINGLE (Groundball, 56, EV 103.1 MPH)
Mike Johnson to third
Runner from 3rd tries for Home, throw by LF and OUT! 7-2
Top of the 3rd over - 3 runs, 5 hits, 0 errors, 1 left on base; Bluefield 3 - Princeton 11
BOTTOM OF THE 3RD
Princeton Rays batting - Pitching for Bluefield Blue Jays : RHP Bobby Leija
Batting: RHB Dan Marks 0-0: Ball
1-0: Ball
2-0: Called Strike
2-1: Ground out 5-3 (Groundball, 56S, EV 80.0 MPH)
Batting: LHB Rocky Crowley 0-0: Called Strike
0-1: Ball
1-1: Ball
2-1: Called Strike
2-2: Ground out 5-3 (Groundball, 5L, EV 103.1 MPH)
Batting: RHB Wil Urban 0-0: Ball
1-0: Ball
2-0: Ball
3-0: Base on Balls
Batting: SHB Wayne Hattan 0-0: Ball
1-0: Swinging Strike
1-1: Swinging Strike
1-2: Foul Ball, location: 2F
1-2: Ball
2-2: Ball
3-2: Base on Balls
Wil Urban to second
Batting: RHB James Huddleston 0-0: Ball
1-0: Ground out 4-3 (Groundball, 4, EV 102.5 MPH)
Bottom of the 3rd over - 0 runs, 0 hits, 0 errors, 2 left on base; Bluefield 3 - Princeton 11
TOP OF THE 4TH
Bluefield Blue Jays batting - Pitching for Princeton Rays : LHP Ryan Folks
Batting: RHB John Hering 0-0: Ball
1-0: Ball
2-0: Ball
3-0: Foul Ball, location: 2F
3-1: Base on Balls
Batting: RHB Ed Swafford 0-0: Called Strike
0-1: Ball
1-1: Swinging Strike
1-2: Strikes out swinging
Batting: RHB Tokuji Kawabata 0-0: Called Strike
0-1: Called Strike
0-2: Ball
John Hering steals 2nd base (no throw)
1-2: Strikes out swinging
Batting: RHB Wade Diamond 0-0: Called Strike
0-1: Swinging Strike
0-2: Strikes out looking
Top of the 4th over - 0 runs, 0 hits, 0 errors, 1 left on base; Bluefield 3 - Princeton 11
BOTTOM OF THE 4TH
Princeton Rays batting - Pitching for Bluefield Blue Jays : RHP Bobby Leija
Batting: RHB Chris Thorson 0-0: Called Strike
0-1: Swinging Strike
0-2: Ball
1-2: Strikes out swinging
Batting: SHB Lou Kroneman 0-0: Foul Ball, location: 2F
0-1: Ground out 4-3 (Groundball, 4, EV 77.5 MPH)
Batting: RHB Kunizo Yanagisawa 0-0: Fly out, F7 (Line Drive, 7D, EV 97.5 MPH)
Bottom of the 4th over - 0 runs, 0 hits, 0 errors, 0 left on base; Bluefield 3 - Princeton 11
TOP OF THE 5TH
Bluefield Blue Jays batting - Pitching for Princeton Rays : LHP Ryan Folks
Batting: LHB Cesar Arteaga 0-0: Foul Ball, location: 2F
0-1: SINGLE (Line Drive, 4D, EV 100.0 MPH)
Batting: SHB Jack Andrews 0-0: Called Strike
Cesar Arteaga steals 2nd base (no throw)
0-1: Called Strike
0-2: Ground out 6-3 (Groundball, 6, EV 92.5 MPH)
Cesar Arteaga to third
Batting: RHB Mike Johnson 0-0: Ball
1-0: Foul Ball, location: 2F
1-1: Called Strike
1-2: Foul Ball, location: 2F
1-2: Ball
2-2: 2-RUN HOME RUN (Flyball, 78XD, EV 103.1 MPH), Distance : 397 ft
Batting: RHB Chris Martin 0-0: Called Strike
0-1: Called Strike
0-2: Ball
1-2: Ball
2-2: SOLO HOME RUN (Flyball, 7D, EV 92.5 MPH), Distance : 364 ft
Pitching: RHP Federico Jimenez
Batting: LHB Frank Nelson 0-0: Fly out, F8 (Flyball, 8RD, EV 103.8 MPH)
Batting: RHB John Hering 0-0: Ball
1-0: Foul Ball, location: 2F
1-1: Called Strike
1-2: Ball
2-2: Foul Ball, location: 2F
2-2: Foul Ball, location: 2F
2-2: Foul Ball, location: 2F
2-2: Ball
3-2: Fly out, F9 (Flyball, 9LS, EV 95.0 MPH)
Top of the 5th over - 3 runs, 3 hits, 0 errors, 0 left on base; Bluefield 6 - Princeton 11
BOTTOM OF THE 5TH
Princeton Rays batting - Pitching for Bluefield Blue Jays : RHP Bobby Leija
Batting: SHB Chris Lockart 0-0: Ball
1-0: Called Strike
1-1: Foul Ball, location: 2F
1-2: SINGLE (Line Drive, 6MD, EV 98.8 MPH)
Batting: RHB Dan Marks 0-0: Ball
1-0: Called Strike
1-1: Ball
2-1: Ball
3-1: Base on Balls
Chris Lockart to second
Pitching: RHP Jose Ramos
Batting: LHB Rocky Crowley 0-0: Called Strike
Chris Lockart steals 3rd base
0-1: Foul Ball, location: 2F
0-2: Foul Ball, location: 2F
0-2: Ball
1-2: Foul Ball, location: 2F
1-2: Foul Ball, location: 2F
1-2: Ball
2-2: Ball
3-2: Foul Ball, location: 2F
3-2: DOUBLE (Groundball, 3L, EV 107.5 MPH)
Chris Lockart scores
Dan Marks to third
Batting: RHB Wil Urban 0-0: Foul Ball, location: 2F
0-1: Foul Ball, location: 2F
0-2: Strikes out looking
Batting: SHB Wayne Hattan 0-0: Foul Ball, location: 2F
0-1: Called Strike
0-2: Strikes out looking
Batting: RHB James Huddleston 0-0: Foul Ball, location: 2F
0-1: Ball
1-1: Ball
2-1: Foul Ball, location: 2F
2-2: Ball
3-2: Base on Balls
Batting: RHB Chris Thorson 0-0: Called Strike
0-1: Swinging Strike
0-2: Strikes out swinging
Bottom of the 5th over - 1 run, 2 hits, 0 errors, 3 left on base; Bluefield 6 - Princeton 12
TOP OF THE 6TH
Bluefield Blue Jays batting - Pitching for Princeton Rays : RHP Federico Jimenez
Batting: RHB Ed Swafford 0-0: Ball
1-0: Swinging Strike
1-1: Called Strike
1-2: Ball
2-2: Strikes out looking
Batting: RHB Tokuji Kawabata 0-0: Ball
1-0: Called Strike
1-1: Ball
2-1: Foul Ball, location: 2F
2-2: Foul Ball, location: 2F
2-2: Foul Ball, location: 2F
2-2: Ball
3-2: Foul Ball, location: 2F
3-2: Reached on error, E6 (Groundball, 56, EV 90.0 MPH)
Batting: RHB Wade Diamond 0-0: Ball
Tokuji Kawabata steals 2nd base
1-0: Called Strike
1-1: Fly out, F3 (Popup, 23F, EV 93.1 MPH)
Batting: LHB Cesar Arteaga 0-0: Ball
1-0: Ground out U3 (Groundball, 3, EV 91.9 MPH)
Top of the 6th over - 0 runs, 0 hits, 1 error, 1 left on base; Bluefield 6 - Princeton 12
BOTTOM OF THE 6TH
Princeton Rays batting - Pitching for Bluefield Blue Jays : RHP Jose Ramos
Pitching: RHP Dave Kurtz
Batting: SHB Lou Kroneman 0-0: Foul Ball, location: 2F
0-1: Ball
1-1: Ball
2-1: Called Strike
2-2: Strikes out looking
Batting: RHB Kunizo Yanagisawa 0-0: TRIPLE (Flyball, 9LD, EV 104.4 MPH)
Batting: SHB Chris Lockart 0-0: Ball
1-0: Ball
2-0: Ball
3-0: Base on Balls
Batting: RHB Dan Marks 0-0: Called Strike
Chris Lockart steals 2nd, throwing error, E2
Kunizo Yanagisawa scores
Chris Lockart to third
0-1: Ball
1-1: Ground out 6-3 (Groundball, 6, EV 88.1 MPH)
Chris Lockart scores
Batting: LHB Rocky Crowley 0-0: Ground out 4-3 (Groundball, 4S, EV 66.9 MPH)
Bottom of the 6th over - 2 runs, 1 hit, 1 error, 0 left on base; Bluefield 6 - Princeton 14
TOP OF THE 7TH
Bluefield Blue Jays batting - Pitching for Princeton Rays : RHP Federico Jimenez
Batting: SHB Jack Andrews 0-0: Ground out 1-3 (Groundball, 13S, EV 63.8 MPH)
Batting: RHB Mike Johnson 0-0: Ball
1-0: Ground out 5-3 (Groundball, 5, EV 103.1 MPH)
Batting: RHB Chris Martin 0-0: Swinging Strike
0-1: Ball
1-1: Called Strike
1-2: Ground out 5-3 (Groundball, 56, EV 85.6 MPH)
Top of the 7th over - 0 runs, 0 hits, 0 errors, 0 left on base; Bluefield 6 - Princeton 14
BOTTOM OF THE 7TH
Princeton Rays batting - Pitching for Bluefield Blue Jays : RHP Dave Kurtz
Batting: RHB Wil Urban 0-0: Foul Ball, location: 2F
0-1: Swinging Strike
0-2: Ball
1-2: Foul Ball, location: 2F
1-2: Strikes out looking
Pinch Hitting: RHB Kevin Percy 0-0: Foul Ball, location: 2F
0-1: Ground out 3-1 (Groundball, 34, EV 104.4 MPH)
Batting: RHB James Huddleston 0-0: Ball
1-0: Swinging Strike
1-1: Swinging Strike
1-2: Strikes out swinging
Bottom of the 7th over - 0 runs, 0 hits, 0 errors, 0 left on base; Bluefield 6 - Princeton 14
TOP OF THE 8TH
Bluefield Blue Jays batting - Pitching for Princeton Rays : RHP Federico Jimenez
Now at 1B: Kevin Percy
Pinch Hitting: RHB Rich Cracchiolo 0-0: Ground out 6-3 (Groundball, 6, EV 108.8 MPH)
Batting: RHB John Hering 0-0: Ball
1-0: Foul Ball, location: 2F
1-1: Ball
2-1: Foul Ball, location: 2F
2-2: Fly out, F8 (Line Drive, 8LD, EV 95.0 MPH)
Batting: RHB Ed Swafford 0-0: Called Strike
0-1: Foul Ball, location: 2F
0-2: Ball
1-2: Strikes out swinging
Top of the 8th over - 0 runs, 0 hits, 0 errors, 0 left on base; Bluefield 6 - Princeton 14
BOTTOM OF THE 8TH
Princeton Rays batting - Pitching for Bluefield Blue Jays : RHP Dave Kurtz
Now in RF: Rich Cracchiolo
Batting: RHB Chris Thorson 0-0: Called Strike
0-1: Ball
1-1: Ball
2-1: SINGLE (Line Drive, 7S, EV 95.6 MPH)
Batting: SHB Lou Kroneman 0-0: Called Strike
0-1: Ball
1-1: SINGLE (Flyball, 78S, EV 91.3 MPH)
Chris Thorson to second
Batting: RHB Kunizo Yanagisawa 0-0: Fielders Choice at 2nd, 3-6 (Groundball, 34, EV 85.0 MPH)
Chris Thorson to third
Batting: SHB Chris Lockart 0-0: Foul Ball, location: 2F
0-1: Called Strike
0-2: Ball
1-2: Ball
2-2: Grounds into double play, 6-4-3 (Groundball, 6, EV 91.3 MPH)
Bottom of the 8th over - 0 runs, 2 hits, 0 errors, 1 left on base; Bluefield 6 - Princeton 14
TOP OF THE 9TH
Bluefield Blue Jays batting - Pitching for Princeton Rays : RHP Federico Jimenez
Pitching: RHP Cody Wilharm
Batting: RHB Tokuji Kawabata 0-0: Called Strike
0-1: Ball
1-1: Swinging Strike
1-2: SOLO HOME RUN (Flyball, 7LD, EV 93.8 MPH), Distance : 342 ft
Batting: RHB Wade Diamond 0-0: Ball
1-0: Called Strike
1-1: Foul Ball, location: 2F
1-2: Foul Ball, location: 2F
1-2: Ground out 6-3 (Groundball, 6M, EV 88.1 MPH)
Pinch Hitting: RHB Jose Molina 0-0: Ball
1-0: Ball
2-0: DOUBLE (Line Drive, 78XD, EV 100.6 MPH)
Batting: SHB Jack Andrews 0-0: SINGLE (Line Drive, 9S, EV 94.4 MPH)
Jose Molina to third
Pinch Hitting: SHB Zach Hillard 0-0: Called Strike
0-1: Ball
1-1: Foul Ball, location: 2F
1-2: Fielders Choice at 2nd, 3-6 (Groundball, 13, EV 77.5 MPH)
Jose Molina scores
Batting: RHB Chris Martin 0-0: Ball
1-0: Ball
2-0: Ball
Passed Ball!
Zach Hillard to second
3-0: Base on Balls
Batting: RHB Rich Cracchiolo 0-0: Ball
1-0: Foul Ball, location: 2F
1-1: Ground out 4-3 (Groundball, 4, EV 103.8 MPH)
Top of the 9th over - 2 runs, 3 hits, 0 errors, 2 left on base; Bluefield 8 - Princeton 14
Thursday, March 31st , 2022 - OOTP Baseball 22.12 Build 89